 Dungeon Crawl Stone Soup version 0.29.0-11-gd7f09526c8 (webtiles) character file.

Game seed: 9840443714476267466

3838 iguanaiguana the Cleaver (level 9, 0/82 HPs)
             Began as a Minotaur Fighter on Sept 7, 2022.
             Was a Follower of Okawaru.
             Killed from afar by an electric eel (5 damage)
             ... with a bolt of electricity
             ... on level 8 of the Dungeon.
             The game lasted 00:06:34 (8164 turns).

iguanaiguana the Cleaver (Minotaur Fighter)         Turns: 8164, Time: 00:06:35

Health: 0/82       AC: 13    Str: 24    XL:     9   Next: 98%
Magic:  8/8        EV:  8    Int:  5    God:    Okawaru [*.....]
Gold:   214        SH:  5    Dex: 11    Spells: 8/8 levels left

rFire   . . .      SeeInvis .   G - +2 hand axe (freeze)
rCold   . . .      Faith    .   c - +0 buckler
rNeg    . . .      Spirit   .   A - +0 chain mail
rPois   +          Reflect  .   (helmet restricted)
rElec   .          Harm     .   h - +0 cloak
rCorr   .          Rampage  .   i - +0 pair of gloves
Will    .....                   (no boots)
Stlth   ..........              m - amulet of the acrobat
HPRegen 0.23/turn               k - ring of flight
MPRegen 0.11/turn               E - ring of poison resistance

@: flying
A: horns 2, retaliatory headbutt
a: Renounce Religion, Heroism


You were on level 8 of the Dungeon.
You worshipped Okawaru.
Okawaru was aware of your devotion.
You visited 2 branches of the dungeon, and saw 9 of its levels.

You collected 474 gold pieces.
You spent 260 gold pieces at shops.

Inventory:

Hand Weapons
 a - a +0 war axe
 b - a +0 club
 G - a +2 hand axe of freezing (weapon)
Missiles
 u - 5 curare-tipped darts (quivered)
 B - a throwing net
 C - a boomerang
Armour
 c - a +0 buckler (worn)
 h - a +0 cloak (worn)
 i - a +0 pair of gloves (worn)
 A - a +0 chain mail (worn)
Jewellery
 k - a ring of flight (left hand)
 m - an amulet of the acrobat (around neck)
 E - a ring of poison resistance (right hand)
 H - a ring of see invisible
Wands
 t - a wand of charming (10)
Scrolls
 e - a scroll of magic mapping {unknown}
 f - 3 scrolls of butterflies {unknown}
 j - a scroll of blinking {unknown}
 l - 4 scrolls of identify {unknown}
 o - 2 scrolls of teleportation {unknown}
 s - a scroll of silence {unknown}
 w - 3 scrolls of enchant armour {unknown}
 y - a scroll of amnesia {unknown}
 z - 2 scrolls of enchant weapon {unknown}
 I - a scroll of fear {unknown}
Potions
 d - 4 potions of might {@q3}
 g - a potion of haste {unknown}
 n - 3 potions of curing {@q1}
 p - 2 potions of degeneration {unknown}
 q - 3 potions of brilliance {unknown}
 r - 2 potions of flight {unknown}
 v - a potion of cancellation {unknown}
 x - 4 potions of lignification {unknown}
 D - a potion of heal wounds {unknown}
 F - a potion of invisibility {unknown}
 J - a potion of ambrosia {unknown}


   Skills:
 + Level 8.6 Fighting
 * Level 11.3 Axes
 * Level 0.5 Throwing
 + Level 8.6 Armour
 - Level 8.0 Shields


You had 8 spell levels left.
You didn't know any spells.
Your spell library was empty.

Dungeon Overview and Level Annotations

Branches:
Dungeon (8/15) Zot: 25909  Temple (1/1) D:4 Zot: 5745
   Lair: D:8-11

Altars:
Ashenzari
Cheibriados
Dithmenos
Elyvilon
Fedhas
Gozag
Hepliaklqana
Kikubaaqudgha
Makhleb
Nemelex Xobeh
Okawaru
Qazlal
Ru
Trog
Uskayaw
Vehumet
Wu Jian
Xom
Yredelemnul
Zin
The Shining One

Shops:
D:7 =(


Innate Abilities, Weirdness & Mutations

You have a pair of horns on your head.
You reflexively headbutt those who attack you in melee.


Message History

The electric eel shoots out a bolt of lightning at you!
The bolt of electricity hits the electric eel.
The electric eel completely resists.
The electric eel shoots out a bolt of lightning at you!
The bolt of electricity hits you!
The electric eel shoots out a bolt of lightning at you!
The bolt of electricity hits the electric eel.
The electric eel completely resists.
The electric eel shoots out a bolt of lightning at you!
The bolt of electricity hits you!
The electric eel shoots out a bolt of lightning at you!
The bolt of electricity hits the electric eel.
The electric eel completely resists.
The bolt of electricity hits you.
The electric eel shoots out a bolt of lightning at you!
The bolt of electricity hits you. The bolt of electricity hits you!
* * * LOW HITPOINT WARNING * * *
The electric eel shoots out a bolt of lightning at you!
The bolt of electricity hits you!
* * * LOW HITPOINT WARNING * * *
You slash the electric eel! You freeze the electric eel.
The electric eel is almost dead.
The electric eel shoots out a bolt of lightning at you!
The bolt of electricity hits you.
* * * LOW HITPOINT WARNING * * *
The bolt of electricity hits you.
* * * LOW HITPOINT WARNING * * *
You closely miss the electric eel.
The electric eel is almost dead.
The electric eel shoots out a bolt of lightning at you!
The bolt of electricity hits you!
* * * LOW HITPOINT WARNING * * *
You feel better.
The electric eel shoots out a bolt of lightning at you!
The bolt of electricity hits you.
* * * LOW HITPOINT WARNING * * *
The bolt of electricity hits you!
* * * LOW HITPOINT WARNING * * *
The electric eel shoots out a bolt of lightning at you!
The bolt of electricity hits you.
You die...

#.#####....)~≈..~≈.
.....#....~≈~≈~~~~~ #
#.##.....~~≈~≈≈≈≈~. #.
#.##.##.....~≈≈~... #.
#[##.#...~~~~~~~.~.
#.##.##[#........(....
#.....).#...~~~~~≈....
#..[)...#...S≈≈≈≈≈.~~.
###[#......@.S≈~~.≈~≈≈
########[..###.$..~.≈.~~≈≈≈
.....<...#####...~~~..~~~≈≈
#####.......###......~..~~≈
#.##....###..........≈≈ ~S
#.#.......##.#...###### #.
#.#....)..##?....# #.
#####.#.......####...#####
#.. ......###...###
#........###.##


You could see 2 electric eels.

Vanquished Creatures
  2 trolls (D:8)
  Sigmund (D:6)
  2 steam dragons (D:8)
  Menkaure (D:5)
  Duvessa (D:7)
  A water moccasin (D:7)
  A black bear (D:4)
  A sky beast (D:7)
  An ogre (D:6)
  2 wolves (D:8)
  A phantom (D:6)
  2 necrophages
  4 scorpions
  12 wights
  Dowan (D:7)
  An electric eel (D:8)
  A howler monkey (D:6)
  2 orc priests (D:8)
  6 hounds
  5 jellies
  A gnoll bouda (D:4)
  An iron imp (D:5)
  Jessica (D:2)
  3 iguanas
  3 orc wizards
  22 gnolls
  12 adders
  A shadow imp (D:6)
  A white imp (D:6)
  An ufetubus (D:5)
  A dart slug (D:4)
  19 orcs
  10 endoplasms
  4 giant cockroaches
  8 goblins
  7 hobgoblins
  3 quokkas
  6 ball pythons
  3 bats
  7 frilled lizards
  9 kobolds
  5 rats
176 creatures vanquished.

Notes
Turn   | Place    | Note
-------+----------+-------------------------------------------
     0 | D:1      | iguanaiguana the Minotaur Fighter began the quest for the
                  | Orb.
     0 | D:1      | Reached XP level 1. HP: 19/19 MP: 0/0
   258 | D:1      | Reached XP level 2. HP: 27/27 MP: 1/1
   330 | D:1      | Found a faded altar of an unknown god.
   334 | D:1      | Reached skill level 3 in Axes
   839 | D:2      | Reached XP level 3. HP: 33/33 MP: 2/2
  1326 | D:2      | Noticed Jessica
  1337 | D:2      | HP: 1/33 [Jessica/+0 club (4)]
  1338 | D:2      | Killed Jessica
  1339 | D:2      | Reached XP level 4. HP: 2/40 MP: 3/3
  1902 | D:3      | Reached skill level 4 in Axes
  2250 | D:3      | Noticed a necrophage
  2262 | D:3      | Killed a necrophage
  2263 | D:3      | Reached XP level 5. HP: 32/47 MP: 4/4
  2812 | D:4      | Reached skill level 5 in Axes
  2812 | D:4      | Reached XP level 6. HP: 40/55 MP: 5/5
  2913 | D:4      | Found a staircase to the Ecumenical Temple.
  2930 | D:4      | Reached skill level 5 in Shields
  2934 | D:4      | Reached skill level 5 in Fighting
  2943 | D:4      | Reached skill level 5 in Armour
  2980 | Temple   | Entered the Ecumenical Temple
  3384 | D:4      | Reached skill level 6 in Axes
  3384 | D:4      | Reached XP level 7. HP: 56/61 MP: 6/6
  3824 | D:5      | Entered Level 5 of the Dungeon
  4012 | D:5      | Noticed Menkaure
  4020 | D:5      | Killed Menkaure
  4293 | D:5      | Found a snail-covered altar of Cheibriados.
  4364 | D:5      | Reached skill level 7 in Axes
  4602 | D:5      | Reached XP level 8. HP: 70/70 MP: 7/7
  5285 | D:6      | Noticed Sigmund
  5293 | D:6      | Killed Sigmund
  5294 | D:6      | Reached skill level 8 in Axes
  6010 | D:7      | Found a stormy altar of Qazlal.
  6023 | D:7      | Reached skill level 9 in Axes
  6037 | D:7      | Found a blossoming altar of Fedhas.
  6045 | D:7      | Found Zenlejuji's Jewellery Shop.
  6057 | D:7      | Bought a ring of poison resistance for 260 gold pieces
  6126 | D:7      | Noticed Duvessa
  6126 | D:7      | Noticed Dowan
  6137 | D:7      | Killed Duvessa
  6138 | D:7      | Reached XP level 9. HP: 44/79 MP: 8/8
  6139 | D:7      | Killed Dowan
  6393 | D:7      | Found Raqaic's Weapon Shop.
  7078 | D:8      | Identified the +3 scimitar "Xyczumoab" {elec, +Blink rC+
                  | Int+4}
  7133 | D:8      | Reached skill level 10 in Axes
  7237 | D:8      | Noticed a troll
  7250 | D:8      | Killed a troll
  7552 | D:8      | Found a burning altar of Makhleb.
  7555 | D:8      | Found a bloodstained altar of Trog.
  7559 | D:8      | Found an opulent altar of Gozag.
  7559 | D:8      | Found a broken altar of Ashenzari.
  7559 | D:8      | Found an iron altar of Okawaru.
  7560 | D:8      | Found a sacrificial altar of Ru.
  7567 | D:8      | Became a worshipper of Warmaster Okawaru
  7766 | D:8      | Noticed a troll
  7777 | D:8      | Killed a troll
  7778 | D:8      | Reached skill level 11 in Axes
  7795 | D:8      | Reached * piety under Okawaru
  8164 | D:8      | Killed from afar by an electric eel

Illustrated notes

Levels and vault maps discovered:
D:1:      co_arrival_square_in_a_square_in_a_square, layout_rooms,
          hellmonk_ecumenical_altar_crossroads
D:2:      layout_basic, uniq_jessica
D:3:      minmay_door_path, layout_loops_ring, kennysheep_decorative_pillar
D:4:      layout_basic, minmay_temple_entry_sparse_star
D:5:      layout_loops_ring, slow_altar_2, uniq_menkaure
D:6:      layout_basic, uniq_sigmund
D:7:      layout_loops_ring, grunt_temple_overflow_forces_of_nature,
          serial_shops, nicolae_stop_n_shop_1, nicolae_diamond_shop,
          uniq_duvessa
D:8:      layout_loops_cross, minitemple, erik_lair_island, enter_bailey_4
Temple:   nicolae_temple_bog_church

Skill      XL: |  1  2  3  4  5  6  7  8  9 |
---------------+----------------------------+-----
Axes           | 3 4 5 6 7 9 11 | 11.3
Shields        | 4 5 6 7 8 |  8.0
Fighting       | 4 5 6 7 8 |  8.6
Armour         | 4 5 6 7 8 |  8.6
Throwing       | |  0.5

Action                   |  1- 3 |  4- 6 |  7- 9 || total
-------------------------+-------+-------+-------++-------
Melee: War axe           |    73 |    77 |   181 ||   331
       Headbutt          |    15 |    10 |    52 ||    77
       Hand axe          |       |       |   110 ||   110
Evoke: Wand              |       |       |     1 ||     1
  Use: Potion            |       |     1 |     3 ||     4
Armor: Scale mail        |    29 |    35 |    22 ||    86
       Chain mail        |       |       |    92 ||    92
Dodge: Dodged            |    45 |    53 |   122 ||   220
Block: Buckler           |    11 |    19 |    60 ||    90
